Cogmind - Beta 17.1 --- EXPLORER MODE // 2026.09.01 @ 22:09:37 Player: deadbabe Result: Destroyed by Y-54 Guardian with Gatling Laser Performance ------------- Evolutions (4) 2000 Regions Visited (8) 1600 Robots Destroyed (25) 125 Value Destroyed (942) 942 Prototype IDs (2) 40 Alien Tech Used (0) 0 Bonus (0) 0 TOTAL SCORE: 4707 Bonus ------- None Cogmind --------- Core Integrity 0/850 Matter 153/300 Energy 98/100 System Corruption 6% Temperature Cool (24) Movement Core (50) Location -6/Extension Parts ------- > --- POWER (2) -------- (None) > --- PROPULSION (5) --- (None) > --- UTILITY (4) ------ Improved Target Analyzer Hacking Suite > --- WEAPON (5) ------- (None) > --- INVENTORY (5) ---- Light Angular Momentum Engine Armored Wheel Peak State ------------ > --- POWER ------------ Light Nuclear Core > --- PROPULSION ------- Carbon-fiber Leg Armored Leg Armored Wheel VTOL Module VTOL Module > --- UTILITY ---------- Advanced Heat Sink Improved Target Analyzer Phase Shifter Hacking Suite > --- WEAPON ----------- Heavy Laser Gatling Laser Gatling Laser Autogun Power Sword > --- INVENTORY -------- Light Angular Momentum Engine Armored Wheel Autogun Gauss Rifle [Rating: 55] Favorites ----------- Power Light Nuclear Core Engine Light Ion Engine Power Core Light Nuclear Core Propulsion Aluminum Leg Treads Light Treads Leg Aluminum Leg Wheel Armored Wheel Flight Unit VTOL Module Utility Hacking Suite Device Cryofiber Web Storage Medium Storage Unit Processor Improved Target Analyzer Hackware Hacking Suite Protection Light Armor Plating Weapon Assault Rifle Energy Gun Gatling Laser Ballistic Gun Assault Rifle Ballistic Cannon Light Cannon Slashing Weapon Power Sword Build | -11 -10 -9 -8 -7 -6 -6 -6 -6 ------- Run | Yrd Mat Mat Mat Fac Fac Was Fac Ext Slots Evolved 9 | . 1 2 2 2 2 . . . Power 1 | . . . . 1 . . . . Propulsion 3 | . 1 1 . 1 . . . . Utility 2 | . . . 1 . 1 . . . Weapon 3 | . . 1 1 . 1 . . . Parts Attached 54 | 7 4 3 8 2 4 . 11 15 Power 6 | 1 . . 2 1 . . 2 . Engine 3 | 1 . . 1 . . . 1 . Core 3 | . . . 1 1 . . 1 . Reactor . | . . . . . . . . . Propulsion 18 | 2 1 1 2 . 2 . 3 7 Treads 2 | . . . . . . . . 2 Leg 11 | 2 1 1 2 . 2 . 2 1 Wheel 3 | . . . . . . . . 3 Hover . | . . . . . . . . . Flight 2 | . . . . . . . 1 1 Utility 13 | 2 3 . 3 . 1 . 1 3 Device 5 | . 1 . 2 . . . . 2 Storage 1 | . 1 . . . . . . . Processor 2 | . . . . . 1 . . 1 Hackware 1 | . . . . . . . 1 . Protection 4 | 2 1 . 1 . . . . . Artifact . | . . . . . . . . . Weapon 17 | 2 . 2 1 1 1 . 5 5 Energy Gun 6 | . . 1 . . . . 4 1 Energy Cannon . | . . . . . . . . . Ballistic Gun 9 | 2 . 1 . 1 1 . 1 3 Ballistic Cannon 1 | . . . 1 . . . . . Launcher . | . . . . . . . . . Special Weapon . | . . . . . . . . . Impact Weapon . | . . . . . . . . . Slashing Weapon 1 | . . . . . . . . 1 Piercing Weapon . | . . . . . . . . . Special Melee Weapon . | . . . . . . . . . Unidentified Prototypes . | . . . . . . . . . Parts Lost 27 | . . . . . . 5 5 17 Power 2 | . . . . . . . 1 1 Propulsion 8 | . . . . . . 1 1 6 Utility 5 | . . . . . . 1 2 2 Weapon 12 | . . . . . . 3 1 8 Highest Loss Streak 16 | . . . . . . 4 5 16 To Critical Strikes 1 | . . . . . . . . 1 Average Backups 3 | 2 4 5 4 4 3 4 . 2 Power . | . 1 1 1 1 1 1 . 1 Propulsion . | . . . . . . . . . Utility 2 | 1 3 4 3 3 2 3 . . Weapon . | . . . . . . . . . Tool/Special . | . . . . . . . . . Unused Backups 3 | . . . 1 1 . . . 1 Power 2 | . . . 1 . . . . 1 Propulsion . | . . . . . . . . . Utility 1 | . . . . 1 . . . . Weapon . | . . . . . . . . . Tool/Special . | . . . . . . . . . Average Slot Usage (%) 77 | . 98 91 91 80 91 62 29 76 Engine 4 | . 12 10 6 . . . 4 . Core 4 | . . . 1 9 12 8 1 5 Leg 23 | . 35 33 33 28 30 19 5 10 Wheel 1 | . . . . . . . . 5 Flight 1 | . . . . . . . . 5 Device 6 | . 2 10 10 7 6 2 2 9 Processor 1 | . . . . . 6 4 . 4 Hackware 2 | . . . . . . . 5 6 Protection 7 | . 22 10 8 7 6 4 4 . Energy Gun 4 | . . 7 . . . . 3 14 Ballistic Gun 15 | . 25 20 25 21 24 17 . 6 Ballistic Cannon 2 | . . . 6 7 6 4 . . Slashing Weapon 1 | . . . . . . . . 4 Peak Build Rating 55 | 7 8 11 26 29 39 39 27 55 Average Rating 24 | 5 7 9 21 26 38 25 15 44 On Entrance 16 | . 7 8 11 25 29 39 . 27 Avg Prop Armor Cover (%) 7 | . . . . . . . 9 7 Naked Turns 38 | . . . . . . 38 . . Heaviest Build 45 | 10 11 14 40 42 45 45 20 25 Greatest Support 66 | 20 30 40 45 45 66 66 36 31 Greatest Overweight (x) 4 | 1 . . . . . 2 4 2 Average Overweight (x) . | . . . . . . . 1 . Largest Inventory Capacity 10 | 5 10 5 5 5 5 5 5 5 Average Capacity 5 | 5 5 5 5 5 5 5 5 5 Most Carried 5 | 5 5 5 5 5 5 4 3 5 Average Carried 3 | 2 4 5 4 4 3 4 . 2 Final Capacity 5 | 5 5 5 5 5 5 5 5 5 Final Carried 5 | 5 5 5 5 5 4 4 1 2 Class Distribution -------------------- 32% | Hacker-Mutant 31% | Hacker-Tank 23% | Hacker-Gunner 12% | Scavenger-Gunner Dominant Class ---------------- Hacker-Mutant | -10/Materials Hacker-Tank | -9/Materials Hacker-Tank | -8/Materials Hacker-Tank | -7/Factory Scavenger-Gunner | -6/Factory Scavenger-Gunner | -6/Waste Hacker-Mutant | -6/Factory Hacker-Gunner | -6/Extension Resources | -11 -10 -9 -8 -7 -6 -6 -6 -6 ----------- Run | Yrd Mat Mat Mat Fac Fac Was Fac Ext Matter Collected 1204 | 258 34 90 154 90 143 . 160 275 Remotely . | . . . . . . . . . Salvage Created 1002 | 55 10 85 116 216 . . 186 334 Parts 38 | 1 2 7 3 9 . . 5 11 Haulers Intercepted . | . . . . . . . . . Recyclers Shooed 2 | . . 1 . . . . . 1 Parts Field Recycled . | . . . . . . . . . Retrieved Matter . | . . . . . . . . . Parts Self-Destructed . | . . . . . . . . . Prevented . | . . . . . . . . . Parts Restored . | . . . . . . . . . Kills | -11 -10 -9 -8 -7 -6 -6 -6 -6 ------- Run | Yrd Mat Mat Mat Fac Fac Was Fac Ext Combat Hostiles Destroyed 20 | . . 2 2 4 . . 5 7 Guns 15 | . . 2 2 3 . . 3 5 Cannons 1 | . . . . 1 . . . . AOE 1 | . . . . . . . 1 . Classes Destroyed 7 | 1 1 2 . 1 . . . 2 Recycler 2 | 1 . . . 1 . . . . Watcher 3 | . 1 . 1 . . . . 1 Swarmer 7 | . . . . 3 . . 2 2 Grunt 7 | . . 1 2 . . . 2 2 Brawler 1 | . . . . . . . . 1 Sentry 4 | . . 1 . 1 . . 1 1 Behemoth 1 | . . . . . . . . 1 Best Kill Streak 4 | 1 1 1 1 4 . . 3 3 Combat Bots Only 3 | . . 1 1 3 . . 3 3 Max Kills in Single Turn 1 | 1 1 1 1 1 . . 1 1 Gunslinging . | . . . . . . . . . Exploded 1 | . . . . . . . 1 . Melee . | . . . . . . . . . Uniques/NPCs Destroyed . | . . . . . . . . . Combat | -11 -10 -9 -8 -7 -6 -6 -6 -6 -------- Run | Yrd Mat Mat Mat Fac Fac Was Fac Ext Hostile Shots Fired 572 | . . 8 6 46 . 8 239 265 Missed 225 | . . 1 1 17 . 1 102 103 Hits 347 | . . 7 5 29 . 7 137 162 Melee 8 | . . . . . . 7 . 1 Projectile 339 | . . 7 5 29 . . 137 161 Critical Strikes 15 | . . . . . . 2 8 5 Actively Blocked 4 | . . . . . . . 4 . Damage Taken 3181 | . 30 63 64 178 . 206 1052 1588 Core 887 | . 7 . 9 16 . 37 359 459 Absorbed by Shields . | . . . . . . . . . Redirected to Shielding 50 | . 1 . . . . . 49 . Ignored by Resistances 1983 | . 18 40 39 121 . 115 669 981 Core Remaining (%) 98 | 100 97 100 98 97 . . . . Volleys Fired 87 | 3 3 7 8 11 . 3 13 39 Largest 4 | 2 2 2 4 4 . 3 1 4 Hottest 263 | 40 40 40 93 93 . 66 80 263 Shots Fired 211 | 6 6 14 31 39 . 5 13 97 Gun 192 | 6 6 14 23 28 . 5 13 97 Cannon 19 | . . . 8 11 . . . . Launcher . | . . . . . . . . . Special . | . . . . . . . . . Kinetic 167 | 6 6 14 31 39 . 5 . 66 Thermal 44 | . . . . . . . 13 31 Explosive . | . . . . . . . . . Electromagnetic . | . . . . . . . . . Robot Hit Streak 30 | 5 9 8 20 10 . 11 12 30 Robot Miss Streak 3 | . 1 2 2 3 . . 1 2 Penetration Max . | . . . . . . . . . Secondary Targets 1 | . . . . . . . . 1 Max Gunslinging Chain 1 | . . . . . . . . 1 Shots Hit Robots 168 | 5 4 11 22 26 . 1 13 86 Core Hits 76 | 2 2 5 10 11 . 1 14 31 Critical Kills . | . . . . . . . . . Critical Parts Destroyed 3 | . . . . . . . . 3 Critical Strikes 5 | . . . . . . . . 5 Burn 2 | . . . . . . . . 2 Destroy 3 | . . . . . . . . 3 Melee Attacks . | . . . . . . . . . Impact . | . . . . . . . . . Slashing . | . . . . . . . . . Piercing . | . . . . . . . . . Sneak Attacks . | . . . . . . . . . Combat Hostiles . | . . . . . . . . . Follow-up Attacks . | . . . . . . . . . Damage Inflicted 2950 | 53 41 108 297 379 . 30 358 1684 Guns 2788 | 53 41 108 248 275 . 30 358 1675 Cannons 153 | . . . 49 104 . . . . Explosions . | . . . . . . . . . Melee . | . . . . . . . . . Ramming 9 | . . . . . . . . 9 Kinetic 1821 | 53 41 108 297 379 . 30 . 913 Thermal 1120 | . . . . . . . 358 762 Explosive . | . . . . . . . . . Electromagnetic . | . . . . . . . . . Impact . | . . . . . . . . . Slashing . | . . . . . . . . . Piercing . | . . . . . . . . . Highest Corruption 6 | . . . . . . 6 6 6 Average Corruption 5 | . . . . . . 3 6 6 Corruption Purged . | . . . . . . . . . Corruption Blocked . | . . . . . . . . . Effects 31 | . . . . . . 3 10 18 Message Errors 4 | . . . . . . . 2 2 Matter Fused 8 | . . . . . . 1 . 7 Heat Flow Errors 3 | . . . . . . . 1 2 Energy Discharges 4 | . . . . . . . 2 2 Parts Rejected 1 | . . . . . . 1 . . Data Loss (minor) 6 | . . . . . . 1 3 2 Data Loss (major) 1 | . . . . . . . 1 . Misfires 1 | . . . . . . . . 1 Alerts 1 | . . . . . . . 1 . Weapon Failures 2 | . . . . . . . . 2 Overload Shots . | . . . . . . . . . Overflow Damage . | . . . . . . . . . Projectiles . | . . . . . . . . . Explosions . | . . . . . . . . . Melee . | . . . . . . . . . Knockbacks 1 | . . . 1 . . . . . Impact . | . . . . . . . . . Kinetic 1 | . . . 1 . . . . . Secondary . | . . . . . . . . . Self-Inflicted Damage . | . . . . . . . . . Shots . | . . . . . . . . . Rammed . | . . . . . . . . . Targets Rammed 1 | . . . . . . . . 1 Kicked 1 | . . . . . . . . 1 Crushed . | . . . . . . . . . Highest Temperature 482 | . 6 9 172 140 . 26 291 482 Average Temperature 131 | . 4 9 90 60 . 15 128 200 Received Heat Transfer 1220 | . . 36 45 30 . . 542 567 Effects 6 | . . . . . . . . 6 Shutdowns 2 | . . . . . . . . 2 Energy Bleed 1 | . . . . . . . . 1 Interference 2 | . . . . . . . . 2 Matter Decay 1 | . . . . . . . . 1 Siege Activations . | . . . . . . . . . Martial Activations . | . . . . . . . . . Shielding Activations . | . . . . . . . . . Robots Disrupted . | . . . . . . . . . Combat Hostiles . | . . . . . . . . . Robots Corrupted . | . . . . . . . . . Combat Hostiles . | . . . . . . . . . Parts Fried . | . . . . . . . . . Impact Corruptions . | . . . . . . . . . Robots Melted 3 | . . . . . . . 1 2 Combat Hostiles 3 | . . . . . . . 1 2 Parts Melted 11 | . . . . . . . 6 5 Heat Transferred 2670 | . . . . . . . 825 1845 Parts Sabotaged . | . . . . . . . . . Parts Stolen . | . . . . . . . . . Parts Stripped . | . . . . . . . . . Power Chain Reactions . | . . . . . . . . . Alert | -11 -10 -9 -8 -7 -6 -6 -6 -6 ------- Run | Yrd Mat Mat Mat Fac Fac Was Fac Ext Maximum Alert Level . | . . . . . . . . . Low Security (%) 100 | 100 100 100 100 100 100 100 100 100 Level 1 . | . . . . . . . . . Level 2 . | . . . . . . . . . Level 3 . | . . . . . . . . . Level 4 . | . . . . . . . . . Level 5 . | . . . . . . . . . High Security . | . . . . . . . . . Max Security . | . . . . . . . . . Peak Influence 70 | 5 7 35 20 70 . . 65 60 Initial . | . . . . . . . . . Average 4 | . . 1 1 12 . . 7 5 Influence Increases 517 | 5 7 50 48 105 . . 120 182 Destroy 0b10 Robot/C 400 | . . 40 40 80 . . 100 140 Destroy 0b10 Robot/NC 25 | 5 5 . 5 5 . . . 5 Destroy Leader 86 | . 2 10 2 20 . . 20 32 Successful Hack 4 | . . . . . . . . 4 Destroy Structure 2 | . . . 1 . . . . 1 Influence Decreases 517 | 5 7 50 48 105 . . 120 182 Time Decay 447 | 5 7 50 48 105 . . 80 152 Lost Part 70 | . . . . . . . 40 30 Squads Dispatched 4 | . . . . 2 1 . 1 . Investigation 1 | . . . . 1 . . . . Extermination 3 | . . . . 1 1 . 1 . Reinforcement . | . . . . . . . . . Assault . | . . . . . . . . . Garrison . | . . . . . . . . . Intercept . | . . . . . . . . . Searches Triggered . | . . . . . . . . . Construction Impeded . | . . . . . . . . . Haulers Reinforced . | . . . . . . . . . Active Scanning Responses . | . . . . . . . . . Cargo Convoy Interrupts . | . . . . . . . . . Stealth | -11 -10 -9 -8 -7 -6 -6 -6 -6 --------- Run | Yrd Mat Mat Mat Fac Fac Was Fac Ext Distress Signals 1 | . . . . . . . . 1 Communications Jammed . | . . . . . . . . . Distress Signals . | . . . . . . . . . Times Spotted 39 | . 2 2 3 5 . 6 11 10 Peak Tracking Total 6 | . 1 1 1 3 . 6 6 3 Tactical Retreats 3 | . . . . . . . 3 . ECM-based Alert Blocks 4 | . . . . . . . 4 . Traps | -11 -10 -9 -8 -7 -6 -6 -6 -6 ------- Run | Yrd Mat Mat Mat Fac Fac Was Fac Ext Traps Triggered 4 | . 2 . 1 . 1 . . . Indirectly . | . . . . . . . . . Trap Hack Attempts . | . . . . . . . . . Triggered . | . . . . . . . . . Disarmed . | . . . . . . . . . Reprogrammed . | . . . . . . . . . Reused . | . . . . . . . . . Traps Extracted . | . . . . . . . . . Installed . | . . . . . . . . . Triggered . | . . . . . . . . . Machines | -11 -10 -9 -8 -7 -6 -6 -6 -6 ---------- Run | Yrd Mat Mat Mat Fac Fac Was Fac Ext Machines Disabled . | . . . . . . . . . Max in Single Turn . | . . . . . . . . . Machines Repaired . | . . . . . . . . . Machines Dismantled . | . . . . . . . . . Machines Sabotaged . | . . . . . . . . . Overloaded Fab Kills . | . . . . . . . . . Hacking | -11 -10 -9 -8 -7 -6 -6 -6 -6 --------- Run | Yrd Mat Mat Mat Fac Fac Was Fac Ext Machines Accessed 5 | . 1 . . 1 . . 1 2 Terminals 2 | . . . . . . . . 2 Fabricators . | . . . . . . . . . Repair Stations . | . . . . . . . . . Recycling Units 1 | . 1 . . . . . . . Scanalyzers 2 | . . . . 1 . . 1 . Garrison Access . | . . . . . . . . . Total Hacks 14 | . 2 . . 3 . . 7 2 Successful 12 | . 1 . . 2 . . 7 2 Failed 2 | . 1 . . 1 . . . . Catastrophic . | . . . . . . . . . Database Lockouts . | . . . . . . . . . Manual . | . . . . . . . . . Terminals 2 | . . . . . . . . 2 Fabricators . | . . . . . . . . . Repair Stations . | . . . . . . . . . Recycling Units 2 | . 2 . . . . . . . Scanalyzers 10 | . . . . 3 . . 7 . Garrison Access . | . . . . . . . . . Terminal Hacks 2 | . . . . . . . . 2 Prototype ID Bank 1 | . . . . . . . . 1 Open Door 1 | . . . . . . . . 1 Fabricator Hacks . | . . . . . . . . . Repair Station Hacks . | . . . . . . . . . Recycling Unit Hacks 1 | . 1 . . . . . . . Retrieve Matter 1 | . 1 . . . . . . . Scanalyzer 9 | . . . . 2 . . 7 . Insert Component 4 | . . . . 1 . . 3 . Analyze 3 | . . . . 1 . . 2 . Retrieve Study 2 | . . . . . . . 2 . Garrison Access Hacks . | . . . . . . . . . Unauthorized Hacks . | . . . . . . . . . Terminals . | . . . . . . . . . Fabricators . | . . . . . . . . . Repair Stations . | . . . . . . . . . Recycling Units . | . . . . . . . . . Scanalyzers . | . . . . . . . . . Garrison Access . | . . . . . . . . . Data Cores Recovered . | . . . . . . . . . Used . | . . . . . . . . . Hacking Detections 2 | . . . . 1 . . 1 . Full Trace Events 1 | . . . . 1 . . . . Feedback Events . | . . . . . . . . . Feedback Blocked . | . . . . . . . . . Robot Schematics Acquired . | . . . . . . . . . Robots Built . | . . . . . . . . . Authchips . | . . . . . . . . . Time . | . . . . . . . . . Total Robot Build Rating . | . . . . . . . . . Part Schematics Acquired 3 | . . . . 1 . . 2 . Parts Built . | . . . . . . . . . Authchips . | . . . . . . . . . Time . | . . . . . . . . . Total Part Build Rating . | . . . . . . . . . Part Studies Acquired 2 | . . . . . . . 2 . Parts Repaired . | . . . . . . . . . Time . | . . . . . . . . . Parts Recycled . | . . . . . . . . . Recycled Matter . | . . . . . . . . . Retrieved Matter . | . . . . . . . . . Retrieved Components . | . . . . . . . . . Parts Scanalyzed 3 | . . . . 1 . . 2 . Part Schematics Acquired 3 | . . . . 1 . . 2 . Parts Damaged . | . . . . . . . . . Bothacking | -11 -10 -9 -8 -7 -6 -6 -6 -6 ------------ Run | Yrd Mat Mat Mat Fac Fac Was Fac Ext Used RIF Installer . | . . . . . . . . . Robots Hacked . | . . . . . . . . . Non-combat . | . . . . . . . . . Combat . | . . . . . . . . . Robot Hacks Applied . | . . . . . . . . . Relay Couplers Released . | . . . . . . . . . Fabnet Peak Effective % . | . . . . . . . . . Robots Rewired . | . . . . . . . . . Allies Hacked . | . . . . . . . . . Hacks Repelled . | . . . . . . . . . Allies | -11 -10 -9 -8 -7 -6 -6 -6 -6 -------- Run | Yrd Mat Mat Mat Fac Fac Was Fac Ext Total Allies 1 | . . . . . . . . 1 Largest Group 1 | . . . . . . . . 1 Highest-Rated Group 31 | . . . . . . . . 31 Highest-Rated Ally 31 | . . . . . . . . 31 Total Orders . | . . . . . . . . . Ally Attacks 1 | . . . . . . . . 1 Total Damage 24 | . . . . . . . . 24 Kills . | . . . . . . . . . Allies Corrupted . | . . . . . . . . . Allies Melted . | . . . . . . . . . Intel | -11 -10 -9 -8 -7 -6 -6 -6 -6 ------- Run | Yrd Mat Mat Mat Fac Fac Was Fac Ext Active Infowar (turns) 918 | . 87 588 92 . . . 151 . Terrain 92 | . . . 92 . . . . . ECM 859 | . 87 588 33 . . . 151 . Robot Analysis Total . | . . . . . . . . . Derelict Logs Recovered . | . . . . . . . . . Drone Launches . | . . . . . . . . . Drone Recoveries . | . . . . . . . . . Exploration | -11 -10 -9 -8 -7 -6 -6 -6 -6 ------------- Run | Yrd Mat Mat Mat Fac Fac Was Fac Ext Turns Passed 3522 | 113 404 588 309 368 333 155 453 799 Spaces Moved 2066 | 80 315 176 212 198 178 157 266 484 Core 182 | 20 . . . . . 76 77 9 Treads 6 | . . . . . . . . 6 Legs 1840 | 60 315 176 212 198 178 81 173 447 Wheels 22 | . . . . . . . . 22 Hover . | . . . . . . . . . Flight 16 | . . . . . . . 16 . Fastest Speed 50 | 50 120 120 120 120 120 50 105 50 Average Speed 120 | 107 120 120 120 120 120 94 152 114 Slowest Speed 365 | 120 120 120 120 120 120 260 365 175 Overloaded Moves . | . . . . . . . . . Propulsion Burnouts . | . . . . . . . . . Robots Hopped . | . . . . . . . . . Potential Cave-ins . | . . . . . . . . . Cave-ins Triggered . | . . . . . . . . . Exploration Rate (%) 28 | 3 52 25 23 6 5 92 7 45 Regions Visited 8 Branch Regions 1 Pre-discovered Areas . | . . . . . . . . . Known Exits Taken 6 | 1 1 1 1 1 . . 1 . Unknown Exits Taken . | . . . . . . . . . Scrap Searched . | . . . . . . . . . Spaces Dug . | . . . . . . . . . Terrain Destroyed . | . . . . . . . . . Melee . | . . . . . . . . . Projectile . | . . . . . . . . . AOE . | . . . . . . . . . Terrain Rammed . | . . . . . . . . . Walls Destroyed . | . . . . . . . . . Machines Disabled . | . . . . . . . . . Actions | -11 -10 -9 -8 -7 -6 -6 -6 -6 --------- Run | Yrd Mat Mat Mat Fac Fac Was Fac Ext Total 2937 | 101 336 539 249 305 299 159 297 652 Wait 678 | . 6 353 13 88 113 . 1 104 Move 2059 | 79 314 175 211 197 178 156 265 484 Hop . | . . . . . . . . . Pick Up 27 | 12 3 . 1 1 3 . 1 6 Fast Attach 32 | . 2 3 6 2 . . 9 10 Attach 26 | 7 2 . 1 1 4 . 6 5 Detach 5 | . 1 . 1 1 . . 2 . Swap 4 | . 1 . 1 1 . . . 1 Drop 18 | . 4 1 7 3 1 . . 2 Fire 87 | 3 3 7 8 11 . 3 13 39 Melee . | . . . . . . . . . Ram . | . . . . . . . . . Kick 1 | . . . . . . . . 1 Crush . | . . . . . . . . . Escape Stasis . | . . . . . . . . . Rewire . | . . . . . . . . . Trap . | . . . . . . . . . Miscellaneous . | . . . . . . . . . Route ------- -11/Scrapyard -10/Materials (discovered 2 exits: *Mat / *Min) -9/Materials -8/Materials -7/Factory -6/Factory -6/Waste -6/Factory -6/Extension History --------- Turn | Location | Event 16 | -11/Scrapyard | Identified exit to Materials 16 | -11/Scrapyard | Discovered exit to Materials (range 14) 114 | -11/Scrapyard | Entered Materials 114 | -10/Materials | Evolved 1 slot: Propulsion x1 313 | -10/Materials | Build established: Hacker-Mutant 325 | -10/Materials | Identified exit to Mines 325 | -10/Materials | Discovered exit to Mines (range 7) 495 | -10/Materials | Identified exit to Materials 495 | -10/Materials | Discovered exit to Materials (range 14) 518 | -10/Materials | Entered another Materials area 518 | -9/Materials | Evolved 2 slots: Propulsion x1, Weapon x1 970 | -9/Materials | Build established: Hacker-Tank 1075 | -9/Materials | Identified exit to Materials 1075 | -9/Materials | Discovered exit to Materials (range 13) 1106 | -9/Materials | Entered another Materials area 1106 | -8/Materials | Evolved 2 slots: Utility x1, Weapon x1 1399 | -8/Materials | Identified exit to Factory 1399 | -8/Materials | Discovered exit to Factory (range 9) 1415 | -8/Materials | Entered Factory 1415 | -7/Factory | Evolved 2 slots: Power x1, Propulsion x1 1775 | -7/Factory | Identified exit to Factory 1775 | -7/Factory | Discovered exit to Factory (range 7) 1783 | -7/Factory | Entered another Factory area 1783 | -6/Factory | Evolved 2 slots: Utility x1, Weapon x1 2068 | -6/Factory | Build established: Scavenger-Gunner 2116 | -6/Factory | Sucked down chute 2116 | -6/Factory | Entered Waste 2131 | -6/Waste | EMP discharged 2144 | -6/Waste | Spotted C-40 Crusher 2150 | -6/Waste | Spotted C-40 Crusher 2150 | -6/Waste | Spotted C-40 Crusher 2181 | -6/Waste | Crushed by Compactor (1 part destroyed, 1 dropped) 2182 | -6/Waste | Spotted C-40 Crusher 2208 | -6/Waste | Spotted C-40 Crusher 2213 | -6/Waste | Crushed by Compactor (1 part destroyed, 1 dropped) 2221 | -6/Waste | Crushed by Compactor (1 part destroyed, 1 dropped) 2224 | -6/Waste | Crushed by Compactor (1 part destroyed, 1 dropped) 2227 | -6/Waste | Crushed by Compactor (1 part destroyed, 1 dropped) 2231 | -6/Waste | EMP discharged 2233 | -6/Waste | Released all parts (4) 2258 | -6/Waste | Lost 4 parts (1n3w) 2263 | -6/Waste | Identified exit to Factory 2263 | -6/Waste | Discovered exit to Factory (range 15) 2264 | -6/Waste | Spotted C-40 Crusher 2271 | -6/Waste | Entered Factory 2526 | -6/Factory | Build established: Hacker-Mutant 2568 | -6/Factory | Identified exit to Extension 2568 | -6/Factory | Discovered exit to Extension (range 13) 2657 | -6/Factory | Lost 5 parts (1p1n2u1w) 2724 | -6/Factory | Entered Extension 2793 | -6/Extension | Core integrity fell below 50% 2944 | -6/Extension | Build established: Hacker-Gunner 3152 | -6/Extension | Rescued a captive Derelict 3421 | -6/Extension | Spotted B-75 Beast 3489 | -6/Extension | Destroyed B-75 Beast 3493 | -6/Extension | Spotted B-75 Beast 3510 | -6/Extension | Core integrity fell below 20% 3523 | -6/Extension | Destroyed by Y-54 Guardian with Gatling Laser Last Messages --------------- 03497_ VTOL Module destroyed. 03500_ B-75 Beast suffers critical hit (Burn). 03500_ 7P-H3B(g) destroyed. 03503_ Carbon-fiber Leg destroyed. 03504_ Acquired Hvy. Machine Gun. Disabling or destroying stationary machines or terrain requires that a single hit meet or exceed the object's Armor value. Inspect machines by right-clicking on them, and walls via Ctrl-RMB (or as any other object in Keyboard Mode). Hovering the cursor over an object also shows its Armor in the Scan window. 03509_ Acquired Imp. Medium Treads. 03510_ Acquired 75 matter. 03512_ R-10 Processor collects Imp. Cooling System. 03512_ Hvy. Machine Gun destroyed. 03516_ R-10 Processor collects Imp. Cooling System. 03519_ Imp. Medium Treads destroyed. 03519_ R-10 Processor collects Imp. Medium Treads. 03519_ Power Sword destroyed. 03519_ T-07 Excavator destroyed. 03523_ Machine disabled. Map ----- +----------------------------------------------------+ | # ########+#?????????????????????????????????? | | + #?????????????????????????????????? | | # #?????????????????????????????????? | | # #?????????????????????????????????? | | # #?????????????????????????????????? | | ##### ######## #?????????????????????????????????? | | ##### #??????# #?????????????????????????????????? | | #??????# #?????????????????????????????????? | | #####+###????# #?????????????????????????????????? | | ????# #????# #?????????????????????????????????? | | ????#! #????# #????????? ???????????????????????? | | ????# #????# #????????? ???????????????????????? | | ????# ! #????# #????????? ???????????????????????? | | ????# #????# #????????? ???????????????????????? | | ????# #????# #????????? ???????????????????????? | | ????# #????#%#????????? +??????????????????????? | | ????# #????#%#????????? #??????????????????????? | | ????# #????#[#????????# #??????????????????????? | | ????#####????# #????????# #??????????????????????? | | ?????????????# ###??????# #??????????????????????? | | ???????????### "#;#####?# #??????????????????????? | | ???????????#;#%### ##%### ###????????????????????? | | ???????????#%% % Y " ""#????????????????????? | | ???????????# % Y " " #????????????????????? | | ???????????# #????????????????????? | | ???????????# @% #????????????????????? | | #####"###### % ###??????????????????? | | ?????????????? | | % % ??????????? | | ?????????? | | R |k ?????????? | | k uR=%* BB k ??????????? | | ###########" ! BB ###########??????????? | | ??????????## #????????????????????? | | ???????????# #????????????????????? | | ???????????# #????????????????????? | | ???????????# #????????????????????? | | ???????????######T#"""#######????????????????????? | | ????????????????###??????????????????????????????? | | ?????????????????????????????????????????????????? | | | | | | | | | | | | | | | | | | | | | +----------------------------------------------------+ Best States ------------- Heat Dissipation 56 Energy Generation 23 Energy Capacity 290 Matter Stores 300 Matter Capacity 300 Sight Range 16 Terrain Scan Range 14 Terrain Scan Density 10 ECM Strength 1 Base Temperature (-) 100 Armor Coverage 600 Resistance: KI 35 Resistance: TH 35 Resistance: EX 35 Resistance: EM 35 Resistance: I 35 Resistance: S 35 Resistance: P 35 Core Shielding 20 Phase Shifting 5 Evasion (%) 60 Targeting Accuracy 5 Target Analysis 6 Recoil Reduction 1 Offensive Hacking 30 Item Schematics ----------------- Carbon-fiber Leg | -7/Factory | Scanalyzed Arm. Leg | -6/Factory | Scanalyzed ECM Suite | -6/Factory | Scanalyzed Robot Schematics ------------------ None Fabricated ------------ Nothing Repaired ---------- Nothing Studied --------- Arm. Leg | -6/Factory | Hacked Imp. Deuterium Engine | -6/Factory | Hacked Alien Tech Used ----------------- None Achievements -------------- None Challenges ------------ None Game ------ Seed PersonalElectrostormWall Manual? 0 Play Time 00:35:19 Cumulative 60.7 hours Start 2026.09.01 @ 21:35:50 End 2026.09.01 @ 22:09:37 Sessions 1 Manual Loads 0 Difficulty Explorer Special Mode None Game No. 5 Rogue 0 Adventurer 0 Explorer 5 Win Type - Total 0 Types 0/0/0/0/0/0/0/0/0/0 Lore% 3 Gallery% 18 Achievement% 17 Wizard Run 0 Options --------- Layout 0 ASCII 0 Keyboard 0 Movement Mouse Keybinds 0 Fullscreen 1 Font 18/SmallcapsGlow Map View 76x50 Zoom Use 0% Tactical HUD 1 Map Filters NONE Filters NONE Steam 1 RUN: c04e9c8e-fb96-4788-af69-c0217de4c963